 Dungeon Crawl Stone Soup version 0.27-b1-16-g6517624069 (webtiles) character file.

Game seed: 16450544043987545019

81 ZARRMARR the Grave Robber (level 4, -6/33 HPs)
             Began as a Hill Orc Necromancer on July 27, 2021.
             Mangled by a gnoll (11 damage)
             ... on level 3 of the Dungeon.
             The game lasted 00:13:49 (2529 turns).

ZARRMARR the Grave Robber (Hill Orc Necromancer)    Turns: 2529, Time: 00:13:49

Health: -6/33      AC:  3    Str: 10    XL:     4   Next: 42%
Magic:  0/7        EV: 12    Int: 16    God:
Gold:   89         SH:  0    Dex: 11    Spells: 5/7 levels left

rFire    . . .     SeeInvis .   i - +0 dagger
rCold    . . .     Faith    .   (no shield)
rNeg     . . .     Spirit   .   a - +0 robe
rPois    .         Reflect  .   (no helmet)
rElec    .         Harm     .   d - +0 cloak
rCorr    .         Rampage  .   (no gloves)
Will     .....                  (no boots)
Stlth    ++........             (no amulet)
HPRegen  0.11/turn              (no ring)
MPRegen  0.10/turn              (no ring)

@: no status effects
A: no striking features
a: no special abilities


You were on level 3 of the Dungeon.
You visited 1 branch of the dungeon, and saw 3 of its levels.

You collected 89 gold pieces.

Inventory:

Hand Weapons
 i - a +0 dagger (weapon)
Armour
 a - a +0 robe (worn)
 d - a +0 cloak (worn)
Scrolls
 b - a scroll of enchant weapon
 f - a scroll of enchant armour
Potions
 e - a potion of flight {unknown}
 g - 2 potions of curing {unknown}


   Skills:
 + Level 1.6 Dodging
 + Level 1.6 Stealth
 + Level 0.2 Unarmed Combat
 + Level 2.4 Spellcasting
 + Level 5.0 Necromancy


You had 5 spell levels left.
You knew the following spells:

 Your Spells              Type           Power      Damage    Failure   Level
a - Pain                  Necr           72%        1d7       2%          1
b - Animate Skeleton      Necr           36%        N/A       2%          1

Your spell library contained the following spells:

 Spells                   Type           Power      Damage    Failure   Level
 Vampiric Draining        Necr           9%         2d7       8%          3
 Summon Small Mammal      Summ           4%         N/A       21%         1
 Animate Dead             Necr           9%         N/A       24%         4
 Passwall                 Tmut/Erth      0%         N/A       30%         2
 Slow                     Hex            1%         N/A       30%         2
 Call Canine Familiar     Summ           1%         N/A       52%         3
 Confusing Touch          Hex            1%         N/A       52%         3
 Summon Guardian Golem    Hex/Summ       1%         N/A       52%         3
 Swiftness                Air            1%         N/A       52%         3
 Agony                    Necr           18%        N/A       56%         5
 Invisibility             Hex            0%         N/A       100%        6


Dungeon Overview and Level Annotations

Branches:
Dungeon (3/15)

Altars:

Shops:
D:1 [


Message History

You hit the kobold but do no damage. The kobold hits you but does no damage.
Aiming: Pain (safe; 2% risk of failure)
Press: ? - help, Q - select action, (/) - cycle Shift-Dir - straight line, f - kobold
Aim: a kobold, wielding a +0 short sword (chance to affect: 89%)
The kobold writhes in agony.
You kill the kobold!
You start resting.
A gnoll is nearby!
The gnoll shouts!
You hit the gnoll.
The gnoll is lightly wounded.
The gnoll closely misses you.
Aiming: Pain (safe; 2% risk of failure)
Press: ? - help, Q - select action, (/) - cycle Shift-Dir - straight line, f - gnoll
Aim: a gnoll, wielding a +4 whip (lightly wounded, chance to affect: 84%)
The gnoll writhes in agony.
The gnoll barely misses you.
You hit the gnoll but do no damage.
The gnoll is moderately wounded.
The gnoll closely misses you.
You completely miss the gnoll.
The gnoll is moderately wounded.
The gnoll hits you with a +4 whip.
You hit the gnoll.
The gnoll is heavily wounded.
The gnoll barely misses you.
You hit the gnoll but do no damage.
The gnoll is heavily wounded.
The gnoll misses you.
You completely miss the gnoll.
The gnoll is heavily wounded.
The gnoll hits you with a +4 whip!
You barely miss the gnoll.
The gnoll is heavily wounded.
The gnoll hits you with a +4 whip.
* * * LOW HITPOINT WARNING * * *
You hit the gnoll.
The gnoll is severely wounded.
The gnoll hits you with a +4 whip!
You die...

##### .. ######.†...
#... #....)..... +....
#.........K #....
#.........# #...#
#..........
.######...###..........
......#....@g.).......g
.......##....#..........
........................
.................>....#.
#...........##.........
.......................
..................#....
....................##
#.......##..........


You could see a gnoll.

Vanquished Creatures
  3 gnolls (D:3)
  2 adders (D:2)
  2 ball pythons
  3 endoplasms
  2 giant cockroaches
  4 goblins
  2 hobgoblins
  3 kobolds
  2 quokkas
  2 bats
  5 frilled lizards
  7 rats
37 creatures vanquished.

Notes
Turn   | Place    | Note
-------+----------+-------------------------------------------
     0 | D:1      | ZARRMARR the Hill Orc Necromancer began the quest for the
                  | Orb.
     0 | D:1      | Reached XP level 1. HP: 14/14 MP: 3/3
     2 | D:1      | Learned a level 1 spell: Animate Skeleton
   385 | D:1      | Reached XP level 2. HP: 17/20 MP: 1/4
   437 | D:1      | Found Mikuwuxo's Antique Armour Boutique.
  1614 | D:2      | Reached XP level 3. HP: 22/26 MP: 1/6
  2478 | D:3      | Reached XP level 4. HP: 27/33 MP: 1/7
  2486 | D:3      | Reached skill level 5 in Necromancy
  2529 | D:3      | Mangled by a gnoll

Illustrated notes

Levels and vault maps discovered:
D:1:      nagdon_arrival_double_spiral, layout_loops_ring, serial_shops,
          nicolae_shop_crystal
D:2:      layout_loops_cross
D:3:      kennysheep_the_goblin_king, layout_basic, vehumet_statue,
          hellmonk_ecumenical_altar_inner_sanctum, uniq_jessica

Skill      XL: |  1  2  3  4 |
---------------+-------------+-----
Spellcasting   | 2 |  2.4
Necromancy     | 5 |  5.0
Dodging        | |  1.6
Stealth        | |  1.6
Unarmed Combat | |  0.2

Action                   |  1- 3 |  4- 6 || total
-------------------------+-------+-------++-------
Melee: Unarmed           |     5 |       ||     5
       Club              |    11 |       ||    11
       Dagger            |     1 |    11 ||    12
 Cast: Pain              |    64 |     6 ||    70
       Animate Skeleton  |     2 |       ||     2
  Use: Scroll            |     5 |       ||     5
 Stab: Sleeping          |     1 |       ||     1
Armor: Robe              |     4 |     1 ||     5
Dodge: Dodged            |    11 |     7 ||    18
